 Dungeon Crawl Stone Soup version 0.17.2-1-ge4368a0 (webtiles) character file.

35 Goblin1989 the Cutter (level 3, -3/36 HPs)
             Began as a Kobold Berserker on July 1, 2018.
             Was a Follower of Trog.
             Slain by a hobgoblin
             ... wielding a +0 club
              (4 damage)
             ... on level 2 of the Dungeon.
             The game lasted 00:02:12 (1208 turns).

Goblin1989 the Cutter (Kobold Berserker)            Turns: 1208, Time: 00:02:12

Health: -3/36      AC:  2    Str: 20    XL:     3   Next: 55%
Magic:  3/3        EV: 15    Int:  5    God:    Trog [*.....]
Gold:   42         SH:  0    Dex: 16    Spells: 0 memorised, 2 levels left

rFire  . . .     SeeInvis .     a - +0 short sword
rCold  . . .     Clarity  .     b - +0 animal skin
rNeg   . . .     SustAt   .     (shield restricted)
rPois  .         Gourm    .     (no helmet)
rElec  .         Spirit   .     (no cloak)
rCorr  .         Warding  .     (no gloves)
rMut   .         Stasis   .     (no boots)
MR     .....                    (no amulet)
Stlth  ..........               (no ring)
                                (no ring)

@: berserking, lethally poisoned (-3 -> -11), very quick, not resistant to
hostile enchantments, extremely unstealthy
A: carnivore 3
a: Berserk, Burn Spellbooks, Renounce Religion


You were on level 2 of the Dungeon.
You worshipped Trog.
Trog was aware of your devotion.
You were very full.

You visited 1 branch of the dungeon, and saw 2 of its levels.

You collected 42 gold pieces.

Inventory:

Hand Weapons
 a - a +0 short sword (weapon)
Armour
 b - a +0 animal skin (worn)
Jewellery
 j - a cursed ring of loudness {unknown}
Scrolls
 d - a scroll of remove curse {unknown}
 e - 2 scrolls of teleportation {unknown}
 g - a scroll of immolation {unknown}
 h - a scroll of identify {unknown}
 i - a scroll of recharging {unknown}
Potions
 f - a potion of ambrosia {unknown}
Comestibles
 c - 3 meat rations {@e2}


   Skills:
 + Level 3.7 Fighting
 * Level 4.5 Short Blades
 + Level 1.9 Armour
 + Level 2.8 Dodging
 + Level 0.8 Stealth


You had 2 spell levels left.
You didn't know any spells.

Dungeon Overview and Level Annotations

Branches:
Dungeon (2/15)

Altars:


Innate Abilities, Weirdness & Mutations

You are small and have problems with some larger weapons.
You are carnivorous and can eat meat at any time.


Message History

You now have 42 gold pieces (gained 11).
j - a scratched ivory ring
Found a stone staircase leading down.
An adder comes into view.
A hobgoblin comes into view. It is wielding a club.
A giant cockroach comes into view.
The hobgoblin shouts!
The adder bites you.
You are poisoned.
The adder poisons you!
Found a stone staircase leading up.
A hobgoblin comes into view.
You barely miss the adder.
You feel sick.
The hobgoblin shouts!
The adder closely misses you.
You take 6 damage, and have 17/23 hp.
O_OOPS!!
MASSIVE DAMAGE!!
You closely miss the adder. The adder barely misses you.
The adder closely misses you.
You miss the adder.
You feel sick. The adder completely misses you.
The hobgoblin hits you but does no damage.
You take 1 damage, and have 16/23 hp.
You hit the adder.
The adder is heavily wounded.
The adder misses you.
You closely miss the adder.
The adder is heavily wounded.
The hobgoblin misses you. The adder bites you.
You take 3 damage, and have 13/23 hp.
You are too injured to fight recklessly!
You are too injured to fight recklessly!
You are too injured to fight recklessly!
You are too injured to fight recklessly!
You are too injured to fight recklessly!
You are too injured to fight recklessly!
You are too injured to fight recklessly!
You are too injured to fight recklessly!
You are too injured to fight recklessly!
You are too injured to fight recklessly!
You are too injured to fight recklessly!
You are too injured to fight recklessly!
You are too injured to fight recklessly!
You are too injured to fight recklessly!
You are too injured to fight recklessly!
You are too injured to fight recklessly!
You are too injured to fight recklessly!
You are too injured to fight recklessly!
You are too injured to fight recklessly!
You are too injured to fight recklessly!
You are too injured to fight recklessly!
You are too injured to fight recklessly!
You are too injured to fight recklessly!
You are too injured to fight recklessly!
You are too injured to fight recklessly!
You feel sick. The adder bites you.
* * * LOW HITPOINT WARNING * * *
You are more poisoned.
The adder poisons you!
You take 5 damage, and have 8/23 hp.
O_OOPS!!
MASSIVE DAMAGE!!
Unknown command.
You feel sick.
You take 1 damage, and have 7/23 hp.
The adder bites you.
* * * LOW HITPOINT WARNING * * *
You take 1 damage, and have 6/23 hp.
Unknown command.
A red film seems to cover your vision as you go berserk!
You feel yourself moving faster!
You feel mighty!
You feel sick. The adder bites you.
* * * LOW HITPOINT WARNING * * *
You are lethally poisoned!
The adder poisons you!
You now have 7/34 hp.
You closely miss the adder.
The adder is heavily wounded.
The adder bites you.
* * * LOW HITPOINT WARNING * * *
You are more poisoned.
The adder poisons you!
You barely miss the adder.
The adder is heavily wounded.
* * * LOW HITPOINT WARNING * * *
You feel sick. The adder barely misses you.
You puncture the adder!
You kill the adder!
Trog accepts your kill.
You take 3 damage, and have 4/36 hp.
* * * LOW HITPOINT WARNING * * *
You feel sick. The giant cockroach misses you.
You take 1 damage, and have 3/36 hp.
You puncture the giant cockroach!
You kill the giant cockroach!
Trog accepts your kill.
* * * LOW HITPOINT WARNING * * *
You feel sick.
You closely miss the hobgoblin.
You take 1 damage, and have 2/36 hp.
You closely miss the hobgoblin.
* * * LOW HITPOINT WARNING * * *
You feel sick. The hobgoblin hits you with a club.
You die... █.█ █.█ █████.█ ....█.██ ███....███████ ████

.............█ █..
.█.....█████.█ █.█
.█.██.██
██.█████.██████.██
.█.██.█
█.....@gg.........
█...█.█
██.█████..........
......█ ███
█.██████..<
......█ ...█ .
.....██ ███.█
█...██ █.█ ██.██
█.█ █.█ █.█ █.█


You could see 2 hobgoblins.

Vanquished Creatures
  An adder (D:2)
  An ooze (D:1)
  A worm (D:2)
  2 bats (D:1)
  A giant cockroach (D:2)
  2 hobgoblins (D:1)
  5 kobolds (D:1)
  A giant newt (D:1)
  2 goblins
  5 rats (D:1)
21 creatures vanquished.

Notes
Turn   | Place    | Note
--------------------------------------------------------------
     0 | D:1      | Goblin1989 the Kobold Berserker began the quest for the Orb.
     0 | D:1      | Reached XP level 1. HP: 14/14 MP: 1/1
    35 | D:1      | Reached XP level 2. HP: 1/19 MP: 2/2
   977 | D:1      | Reached XP level 3. HP: 23/23 MP: 3/3
  1208 | D:2      | HP: 1/36 [poisoned by an adder]
  1208 | D:2      | Slain by a hobgoblin

Action                   || total
-------------------------++-------
Melee: Short sword       ||    92
Invok: Berserk           ||     2
 Stab: Sleeping          ||     2
  Eat: Chunk             ||    10

Vault maps used:
D:1:      lightli_arrival_noodles, minmay_liquid_box
D:2:      corexii_hall_statues_i
